 Dungeon Crawl Stone Soup version 0.25.1-1-g288607f5aa (webtiles) character file.

Game seed: 10869071471851094656

149 Descartes the Ducker (level 5, 0/24 HPs)
             Began as a Felid Monk on July 26, 2020.
             Succumbed to a big kobold's poison
             ... on level 2 of the Dungeon.
             The game lasted 00:06:12 (3185 turns).

Descartes the Ducker (Felid Monk)                   Turns: 3185, Time: 00:06:13

Health: 0/24       AC:  1    Str:  8    XL:     5   Next: 9%
Magic:  6/6        EV: 25    Int: 11    God:
Gold:   195        SH:  0    Dex: 25    Spells: 4/4 levels left
                                        Lives:  0   Deaths: 1

rFire    . . .     SeeInvis +     - Unarmed
rCold    . . .     Gourm    .   (shield unavailable)
rNeg     . . .     Faith    .   (armour unavailable)
rPois    .         Spirit   .   (helmet unavailable)
rElec    .         Reflect  .   (cloak unavailable)
rCorr    .         Harm     .   (gloves unavailable)
MR       .....                  (boots unavailable)
Stlth    ++++......             (no amulet)
HPRegen  0.08/turn              b - +6 ring of dexterity
MPRegen  0.10/turn              (no ring)

@: lethally poisoned (0 -> -5), quick
A: very small, no armour, no weapons or thrown items, stealth, claws 1, fangs 3,
see invisible, carnivore, speed 1, shaggy fur 1, slow metabolism 1, sharp paws
a: no special abilities


You were on level 2 of the Dungeon.
You were very full.

You visited 1 branch of the dungeon, and saw 3 of its levels.

You collected 195 gold pieces.

Inventory:

Missiles
 c - 36 arrows
 i - 41 stones
Jewellery
 b - a +6 ring of dexterity (left paw)
Scrolls
 d - 2 scrolls of remove curse
 e - a scroll of teleportation {unknown}
 g - a scroll of fog {unknown}
 j - a scroll of enchant weapon {unknown}
 k - a scroll of immolation
 l - a scroll of identify {unknown}
Potions
 f - a potion of haste
Comestibles
 a - 6 rations


   Skills:
 - Level 3.0 Fighting
 + Level 6.8 Dodging
 + Level 6.6 Stealth
 - Level 3.0 Unarmed Combat


You had 4 spell levels left.
You didn't know any spells.
Your spell library was empty.

Dungeon Overview and Level Annotations

Branches:
Dungeon (3/15)

Altars:
Nemelex Xobeh


Innate Abilities, Weirdness & Mutations

You cannot wear armour.
You are incapable of wielding weapons or throwing items.
Your paws allow you to move quietly. (Stealth)
You have sharp claws.
You have razor-sharp teeth.
You have supernaturally acute eyesight. (SInv)
You are carnivorous and can eat meat at any time.
You cover ground quickly.
You are covered in fur. (AC +1)
You have a slow metabolism.
Your sharp claws are effective at attacking unaware monsters.


Message History

This raw flesh tastes great.
HP restored.
You climb downwards.
The big kobold completely misses you. The orc hits you with a +3 flail!
Ouch! That really hurt!
The big kobold misses you. The orc hits you with a +3 flail.
There is a stone staircase leading up, spattered with blood here.
The big kobold hits you with a +0 dagger of venom.
* * * LOW HITPOINT WARNING * * *
You are lethally poisoned!
You climb upwards.
* * * LOW HITPOINT WARNING * * *
You feel sick.
There is a stone staircase leading down here.
You see here the felid skeleton of Descartes.
* * * LOW HITPOINT WARNING * * *
You feel sick.
* * * LOW HITPOINT WARNING * * *
You feel sick.
You die...

#.......##
##.#....#
##.....## ###.####
##...## #.# ##'##
#.# #.# #.#
#.###########.#
##.#........##.#
###...........##.#
........#####.##@#
##......##..Ko...#
#.#.#..##>##.####
#.........[..#
######.#####.#
#.......#
#########


You could see a big kobold and an orc.

Vanquished Creatures
  A big kobold (D:3)
  Jessica (D:2)
  A gnoll (D:1)
  6 adders
  An ooze (D:3)
  A worm (D:2)
  3 dart slugs
  2 leopard geckos
  8 orcs
  8 bats
  3 giant cockroaches (D:3)
  6 goblins
  7 hobgoblins
  3 jackals
  20 kobolds
  A quokka (D:3)
  3 frilled lizards
  6 rats
81 creatures vanquished.

Notes
Turn   | Place    | Note
-------+----------+-------------------------------------------
     0 | D:1      | Descartes the Felid Monk began the quest for the Orb.
     0 | D:1      | Reached XP level 1. HP: 10/10 MP: 2/2
    98 | D:1      | Reached XP level 2. HP: 14/14 MP: 3/3
   358 | D:1      | Reached XP level 3. HP: 17/17 MP: 4/4
   764 | D:2      | Reached skill level 5 in Dodging
  1435 | D:2      | Reached XP level 4. HP: 9/21 MP: 5/5
  1641 | D:2      | Noticed Jessica
  1648 | D:2      | Killed Jessica
  1648 | D:2      | Reached skill level 5 in Stealth
  2296 | D:3      | Reached XP level 5. HP: 24/24 MP: 6/6
  2564 | D:3      | Found a sparkling altar of Nemelex Xobeh.
  2585 | D:3      | HP: 1/24 [poisoned by a big kobold]
  2591 | D:2      | HP: 1/24 [poisoned by a big kobold]
  2597 | D:2      | Succumbed to a big kobold's poison
  2598 | D:2      | Reached XP level 4. HP: 0/21 MP: 5/5
  2965 | D:3      | Reached XP level 5. HP: 24/24 MP: 6/6
  3182 | D:2      | HP: 1/24 [poisoned by a big kobold]
  3185 | D:2      | Succumbed to a big kobold's poison

Illustrated notes

Levels and vault maps discovered:
D:1:      minmay_arrival_hallway, layout_rooms, minmay_3d_cube
D:2:      layout_loops_corners, palyth_stone_intersect, uniq_jessica
D:3:      cheibrodos_thug_alley, layout_basic,
          nemelex_xobeh_ov_fountains_minmay, first_ration

Skill      XL: |  1  2  3  4  5 |
---------------+----------------+-----
Stealth        | 3 4 5 6 |  6.6
Dodging        | 5 6 |  6.8
Fighting       | |  3.0
Unarmed Combat | |  3.0

Action                   |  1- 3 |  4- 6 || total
-------------------------+-------+-------++-------
Melee: Unarmed           |    69 |   171 ||   240
       Bite              |     9 |    19 ||    28
       Punch             |       |     3 ||     3
  Use: Scroll            |       |     2 ||     2
       Potion            |       |     2 ||     2
 Stab: Sleeping          |     9 |     9 ||    18
       Distracted        |     1 |     1 ||     2
  Eat: Chunk             |     8 |     8 ||    16
Armor: Skin              |     2 |     5 ||     7
Dodge: Dodged            |    45 |   151 ||   196
